AoeStats
← Jazzmushroom

Black Forest

506576602Analyzed
1v1 RM · 18d ago on Sep 14, 2026· 35m 25s· 2 players
Game mode
Random Map
Map size
Tiny (2 player)
Population
200
Speed
Normal
Resources
Standard
Victory
Conquest
Starting age
Dark Age
Ending age
Imperial Age
RankedLock teamsTeams togetherTeam positionsShared explorationLock speedFull tech treeHidden civsTurbo modeCheats
Victory
Defeat
🇺🇸 Georgians · United States
1388
+17
🇺🇸 Jurchens · United States
1414
-17
SeaPig
0:46 Loom
22:20 Feudal Age
26:34 Castle Age
25:19 Bloodlines
25:16 Town Watch
25:56 Scale Barding Armor
25:50 Horse Collar
26:16 Double-Bit Axe
29:06 Chain Barding Armor
32:01 Husbandry
35:46 Forging
Jazzmushroom
1:36 Loom
18:05 Feudal Age
19:32 Double-Bit Axe
25:18 Wheelbarrow
24:17 Man-at-Arms
25:06 Horse Collar
30:45 Castle Age
34:15 Squires
Connection lost

Rejoining the realm…

Still unreachable

The connection could not be restored.

Session expired

The server has moved on; the page needs a fresh start.